General information
- name: BNet
- type: Ladder team game (AT/RT)
- host: Battle.net
- saver: TheRoadWars
map: Deathknell
- players: 8
- length: 22:50
- speed: Fast
- version: 1.28 W3XP
- replay type: Public
» download(241 KB)
Players
team 1 (winner)
HenriIV (
purple | 129 APM | 2935 actions | 22:49)
7 Blademaster
3 Critical Strike
3 Wind Walk
1 Bladestorm
5 Tauren Chieftain
2 War Stomp
3 Endurance Aura
4 Shadow Hunter
2 Healing Wave
2 Hex
» actions
| Assign group hotkey | 41 | |
| Basic commands | 124 | |
| Build / train | 109 | |
| ESC pressed | 1 | |
| Enter build submenu | 24 | |
| Enter hero's abilities submenu | 16 | |
| Give item / drop item | 2 | |
| Right click | 980 | |
| Select / deselect | 270 | |
| Select group hotkey | 1201 | |
| Use ability | 166 | |
2935 total
» units
| Peon | 16 | |
| Grunt | 6 | |
| Ice Troll Berserker | 2 | |
| Gnoll Overseer | 2 | |
| Raider | 2 | |
| Kodo Beast | 1 | |
| Troll Witch Doctor | 5 | |
| Tauren | 3 | |
37 total
» upgrades
| Armor | 3 | |
| Melee Weapons | 3 | |
| Ensnare | 1 | |
| Witch Doctor Training | 2 | |
| Reinforced Defenses | 1 | |
| Pulverize | 1 | |
| War Drums Damage Increase | 1 | |
| Spiked Barricades | 1 | |
13 total
» buildings
| Altar of Storms | 1 | |
| Orc Burrow | 8 | |
| Barracks | 1 | |
| Voodoo Lounge | 1 | |
| Stronghold | 2 | |
| War Mill | 2 | |
| Beastiary | 2 | |
| Great Hall | 1 | |
| Fortress | 2 | |
| Spirit Lodge | 1 | |
| Tauren Totem | 2 | |
23 total
» build order
00:07 Altar of Storms
00:19 Orc Burrow
00:34 Barracks
01:29 Voodoo Lounge
01:51 Orc Burrow
02:50 Orc Burrow
04:18 Stronghold
04:18 Stronghold
06:10 War Mill
06:12 Orc Burrow
06:46 Beastiary
07:14 Great Hall
07:53 Beastiary
09:51 Fortress
09:51 Fortress
10:08 Spirit Lodge
13:35 Tauren Totem
13:35 Tauren Totem
15:04 Orc Burrow
15:05 Orc Burrow
15:56 Orc Burrow
15:57 Orc Burrow
16:59 War Mill
» items
| Healing Salve | 5 | |
| Scroll of Speed | 4 | |
| Lesser Clarity Potion | 4 | |
| Potion of Healing | 3 | |
| Scroll of Town Portal | 3 | |
| Potion of Mana | 3 | |
| Orb of Lightning | 1 | |
23 total
TheRoadWars (
pink | 65 APM | 1490 actions | 22:50)
7 Tauren Chieftain
3 Endurance Aura
3 Shockwave
1 Reincarnation
» actions
| Assign group hotkey | 52 | |
| Basic commands | 43 | |
| Build / train | 63 | |
| Enter build submenu | 29 | |
| Enter hero's abilities submenu | 7 | |
| Give item / drop item | 1 | |
| Remove unit from queue | 1 | |
| Right click | 742 | |
| Select / deselect | 332 | |
| Select group hotkey | 132 | |
| Use ability | 88 | |
1490 total
» units
| Peon | 9 | |
| Grunt | 7 | |
| Raider | 11 | |
| Goblin Shredder | 1 | |
| Goblin Zeppelin | 1 | |
| Goblin Sapper | 1 | |
30 total
» upgrades
| Ensnare | 1 | |
| Melee Weapons | 3 | |
| Pillage | 1 | |
| Armor | 3 | |
| Reinforced Defenses | 1 | |
9 total
» buildings
| Orc Burrow | 6 | |
| Altar of Storms | 1 | |
| Barracks | 1 | |
| Voodoo Lounge | 2 | |
| Stronghold | 1 | |
| War Mill | 2 | |
| Beastiary | 3 | |
| Watch Tower | 10 | |
| Great Hall | 2 | |
| Fortress | 1 | |
29 total
» build order
00:13 Orc Burrow
00:57 Orc Burrow
01:00 Altar of Storms
01:02 Barracks
01:41 Voodoo Lounge
01:45 Voodoo Lounge
02:48 Stronghold
03:57 War Mill
04:06 Orc Burrow
05:20 Beastiary
05:21 Beastiary
05:45 Watch Tower
05:45 Watch Tower
05:46 Watch Tower
06:50 Great Hall
07:59 Fortress
08:05 Orc Burrow
10:26 War Mill
10:43 Watch Tower
10:43 Watch Tower
10:46 Watch Tower
10:48 Watch Tower
10:49 Watch Tower
10:50 Watch Tower
10:52 Watch Tower
12:42 Beastiary
12:45 Orc Burrow
12:55 Orc Burrow
19:06 Great Hall
» items
| Healing Salve | 6 | |
| Scroll of Town Portal | 3 | |
| Orb of Lightning | 1 | |
| Lesser Clarity Potion | 2 | |
| Potion of Mana | 1 | |
13 total
Tijjle (
red | 52 APM | 1193 actions | 22:49)
4 Blademaster
2 Critical Strike
2 Wind Walk
» actions
| Assign group hotkey | 1 | |
| Basic commands | 3 | |
| Build / train | 64 | |
| Enter build submenu | 18 | |
| Enter hero's abilities submenu | 4 | |
| Remove unit from queue | 8 | |
| Right click | 728 | |
| Select / deselect | 322 | |
| Use ability | 45 | |
1193 total
» units
| Peon | 12 | |
| Grunt | 2 | |
| Troll Headhunter/Berserker | 3 | |
| Wind Rider | 12 | |
| Spirit Walker | 1 | |
| Goblin Shredder | 1 | |
| Goblin Zeppelin | 1 | |
| Shaman | 3 | |
35 total
» upgrades
| Armor | 1 | |
| Ranged Weapons | 2 | |
| Berserker Strength | 1 | |
| Shaman Training | 1 | |
| Envenomed Spears | 1 | |
6 total
» buildings
| Orc Burrow | 6 | |
| Altar of Storms | 1 | |
| Barracks | 1 | |
| War Mill | 1 | |
| Voodoo Lounge | 1 | |
| Watch Tower | 3 | |
| Stronghold | 1 | |
| Great Hall | 3 | |
| Fortress | 3 | |
| Beastiary | 1 | |
| Spirit Lodge | 1 | |
22 total
» build order
00:10 Orc Burrow
00:22 Altar of Storms
00:43 Barracks
01:57 War Mill
02:46 Orc Burrow
04:16 Voodoo Lounge
05:39 Watch Tower
06:03 Orc Burrow
06:08 Stronghold
07:56 Great Hall
09:37 Great Hall
09:51 Fortress
09:56 Beastiary
11:33 Spirit Lodge
12:24 Orc Burrow
12:59 Fortress
13:26 Watch Tower
13:27 Watch Tower
17:00 Orc Burrow
17:01 Orc Burrow
18:56 Fortress
19:57 Great Hall
» items
| Healing Salve | 4 | |
| Potion of Healing | 1 | |
5 total
DONECK_INDEPEND (
blue | 42 APM | 956 actions | 22:49)
5 Mountain King
3 Storm Bolt
2 Bash
4 Paladin
2 Holy Light
2 Divine Shield
2 Archmage
1 Summon Water Elemental
1 Brilliance Aura
» actions
| Assign group hotkey | 9 | |
| Build / train | 88 | |
| Enter build submenu | 25 | |
| Enter hero's abilities submenu | 11 | |
| Give item / drop item | 2 | |
| Right click | 537 | |
| Select / deselect | 210 | |
| Select group hotkey | 15 | |
| Use ability | 59 | |
956 total
» units
| Peasant | 17 | |
| Footman | 3 | |
| Gryphon Rider | 18 | |
38 total
» upgrades
| Masonry | 2 | |
| Lumber Harvesting | 1 | |
| Swords | 3 | |
| Animal War Training | 1 | |
| Storm Hammers | 1 | |
| Armor | 3 | |
11 total
» buildings
| Lumber Mill | 1 | |
| Altar of Kings | 1 | |
| Farm | 12 | |
| Barracks | 1 | |
| Arcane Vault | 1 | |
| Scout Tower | 10 | |
| Arcane Tower | 5 | |
| Keep | 1 | |
| Town Hall | 1 | |
| Guard Tower | 5 | |
| Blacksmith | 1 | |
| Castle | 1 | |
| Gryphon Aviary | 3 | |
43 total
» build order
00:14 Lumber Mill
00:29 Altar of Kings
00:39 Farm
01:06 Barracks
01:16 Farm
01:46 Arcane Vault
01:52 Scout Tower
02:03 Farm
02:19 Arcane Tower
04:41 Keep
04:48 Town Hall
04:57 Scout Tower
05:03 Scout Tower
05:12 Scout Tower
05:13 Scout Tower
05:16 Scout Tower
05:25 Arcane Tower
05:36 Arcane Tower
05:40 Guard Tower
06:10 Guard Tower
06:30 Scout Tower
06:31 Scout Tower
06:42 Guard Tower
06:52 Blacksmith
07:04 Castle
07:05 Arcane Tower
07:23 Gryphon Aviary
07:30 Gryphon Aviary
07:35 Arcane Tower
07:54 Gryphon Aviary
08:16 Farm
08:22 Farm
08:48 Scout Tower
08:50 Scout Tower
09:22 Guard Tower
09:53 Farm
09:53 Farm
09:59 Farm
10:00 Farm
10:08 Guard Tower
12:52 Farm
12:59 Farm
13:02 Farm
» items
| Scroll of Regeneration | 6 | |
| Orb of Fire | 2 | |
| Potion of Healing | 2 | |
| Scroll of Town Portal | 3 | |
13 total
team 2 (loser)

»
asdfggh (
green | 33 APM | 596 actions | 18:18)
3 Crypt Lord
2 Carrion Beetles
1 Spiked Carapace
1 Death Knight
1 Death Coil
» actions
| Build / train | 37 | |
| Enter build submenu | 19 | |
| Enter hero's abilities submenu | 4 | |
| Give item / drop item | 1 | |
| Remove unit from queue | 1 | |
| Right click | 286 | |
| Select / deselect | 213 | |
| Use ability | 35 | |
596 total
» units
| Acolyte | 5 | |
| Ghoul | 3 | |
| Crypt Fiend | 6 | |
| Frost Wyrm | 2 | |
16 total
» upgrades
| Creature Attack | 1 | |
| Creature Carapace | 1 | |
| Web | 1 | |
| Burrow | 1 | |
4 total
» buildings
| Crypt | 1 | |
| Ziggurat | 12 | |
| Altar of Darkness | 1 | |
| Graveyard | 1 | |
| Nerubian Tower | 2 | |
| Tomb of Relics | 1 | |
| Halls of the Dead | 1 | |
| Necropolis | 1 | |
| Spirit Tower | 4 | |
| Black Citadel | 1 | |
| Sacrificial Pit | 1 | |
| Boneyard | 1 | |
27 total
» build order
03:28 Crypt
03:32 Ziggurat
03:54 Altar of Darkness
04:23 Graveyard
04:57 Nerubian Tower
05:25 Ziggurat
05:38 Tomb of Relics
06:00 Halls of the Dead
08:09 Ziggurat
08:13 Ziggurat
08:27 Necropolis
09:04 Nerubian Tower
09:05 Spirit Tower
10:03 Spirit Tower
10:04 Black Citadel
10:36 Sacrificial Pit
10:42 Ziggurat
12:55 Boneyard
14:29 Spirit Tower
15:06 Ziggurat
15:08 Ziggurat
16:31 Ziggurat
17:12 Ziggurat
17:15 Ziggurat
17:20 Ziggurat
17:22 Ziggurat
18:09 Spirit Tower
» items
| Rod of Necromancy | 1 | |
| Sacrificial Skull | 1 | |
| Dust of Appearance | 1 | |
3 total

»
racecaradar (
teal | 89 APM | 1622 actions | 18:19)
4 Paladin
2 Holy Light
2 Divine Shield
1 Pandaren Brewmaster
1 Breath of Fire
» actions
| Assign group hotkey | 112 | |
| Basic commands | 95 | |
| Build / train | 80 | |
| ESC pressed | 2 | |
| Enter build submenu | 40 | |
| Enter hero's abilities submenu | 5 | |
| Give item / drop item | 2 | |
| Right click | 433 | |
| Select / deselect | 249 | |
| Select group hotkey | 513 | |
| Use ability | 91 | |
1622 total
» units
| Peasant | 27 | |
| Footman | 10 | |
| Ice Troll Berserker | 1 | |
| Gnoll Overseer | 1 | |
| Ice Troll Trapper | 1 | |
| Goblin Shredder | 1 | |
| Rifleman | 5 | |
| Mortar Team | 3 | |
| Flying Machine | 1 | |
50 total
» upgrades
| Masonry | 2 | |
| Plating | 1 | |
| Gunpowder | 1 | |
| Fragmentation Shards | 1 | |
| Flare | 1 | |
| Long Rifles | 1 | |
| Flak Cannons | 1 | |
8 total
» buildings
| Altar of Kings | 1 | |
| Farm | 16 | |
| Barracks | 1 | |
| Arcane Vault | 2 | |
| Town Hall | 4 | |
| Scout Tower | 5 | |
| Lumber Mill | 1 | |
| Keep | 1 | |
| Arcane Tower | 2 | |
| Guard Tower | 2 | |
| Blacksmith | 1 | |
| Castle | 1 | |
| Workshop | 3 | |
40 total
» build order
00:19 Altar of Kings
00:34 Farm
00:50 Barracks
01:04 Farm
01:33 Farm
01:49 Arcane Vault
03:38 Town Hall
03:40 Town Hall
06:04 Scout Tower
06:19 Lumber Mill
06:26 Keep
06:34 Arcane Tower
06:37 Scout Tower
06:39 Scout Tower
06:52 Scout Tower
07:03 Farm
07:07 Guard Tower
07:13 Farm
07:22 Arcane Tower
08:01 Farm
08:13 Blacksmith
08:53 Castle
09:33 Workshop
09:37 Workshop
09:38 Workshop
11:11 Farm
11:11 Farm
11:13 Farm
11:13 Farm
12:01 Farm
12:02 Farm
13:04 Town Hall
14:06 Arcane Vault
14:19 Farm
14:21 Scout Tower
15:07 Guard Tower
15:08 Farm
15:54 Town Hall
17:09 Farm
18:01 Farm
» items
| Lesser Clarity Potion | 2 | |
| Scroll of Regeneration | 1 | |
| Potion of Healing | 1 | |
| Staff of Sanctuary | 1 | |
| Orb of Corruption | 3 | |
| Scroll of Town Portal | 1 | |
9 total

»
xxppyxx (
yellow | 70 APM | 1376 actions | 19:40)
3 Mountain King
2 Storm Bolt
1 Bash
1 Pandaren Brewmaster
1 Drunken Haze
1 Firelord
1 Incinerate
» actions
| Assign group hotkey | 163 | |
| Build / train | 72 | |
| Enter build submenu | 30 | |
| Enter hero's abilities submenu | 5 | |
| Give item / drop item | 1 | |
| Remove unit from queue | 1 | |
| Right click | 698 | |
| Select / deselect | 241 | |
| Select group hotkey | 91 | |
| Use ability | 74 | |
1376 total
» units
| Peasant | 13 | |
| Footman | 12 | |
| Rifleman | 4 | |
| Gnoll Overseer | 1 | |
| Knight | 4 | |
| Siege Engine | 4 | |
38 total
» upgrades
| Masonry | 1 | |
| Long Rifles | 1 | |
| Plating | 1 | |
| Animal War Training | 1 | |
| Barrage | 1 | |
| Swords | 1 | |
6 total
» buildings
| Altar of Kings | 1 | |
| Farm | 13 | |
| Barracks | 2 | |
| Lumber Mill | 3 | |
| Arcane Vault | 1 | |
| Keep | 1 | |
| Blacksmith | 1 | |
| Town Hall | 3 | |
| Scout Tower | 5 | |
| Arcane Tower | 6 | |
| Castle | 1 | |
| Workshop | 3 | |
40 total
» build order
00:50 Altar of Kings
00:54 Farm
00:56 Farm
00:59 Farm
01:12 Barracks
01:27 Lumber Mill
01:57 Barracks
02:13 Farm
02:53 Farm
03:04 Arcane Vault
04:17 Farm
05:16 Keep
05:18 Blacksmith
05:20 Farm
05:53 Farm
06:40 Town Hall
06:51 Scout Tower
06:54 Scout Tower
06:56 Scout Tower
06:58 Scout Tower
06:59 Scout Tower
07:29 Arcane Tower
07:34 Arcane Tower
07:40 Arcane Tower
07:47 Arcane Tower
07:54 Arcane Tower
09:17 Castle
12:31 Workshop
12:32 Workshop
12:33 Workshop
13:44 Town Hall
13:53 Town Hall
14:08 Lumber Mill
14:41 Lumber Mill
14:50 Farm
14:51 Farm
14:52 Farm
14:54 Farm
14:54 Farm
16:21 Arcane Tower
» items
| Scroll of Regeneration | 3 | |
| Lesser Clarity Potion | 1 | |
| Scroll of Town Portal | 3 | |
| Staff of Sanctuary | 1 | |
| Ivory Tower | 3 | |
11 total
ploppp (
orange | 44 APM | 1015 actions | 22:49)
4 Far Seer
2 Feral Spirit
2 Chain Lighting
» actions
| Basic commands | 16 | |
| Build / train | 93 | |
| Enter build submenu | 27 | |
| Enter hero's abilities submenu | 4 | |
| Remove unit from queue | 1 | |
| Right click | 326 | |
| Select / deselect | 482 | |
| Use ability | 65 | |
1015 total
» units
| Peon | 18 | |
| Grunt | 7 | |
| Ice Troll Trapper | 1 | |
| Ice Troll Berserker | 1 | |
| Troll Headhunter/Berserker | 23 | |
| Wind Rider | 5 | |
| Kodo Beast | 2 | |
| Shaman | 5 | |
| Rifleman | 5 | |
67 total
» upgrades
| Armor | 1 | |
| Ranged Weapons | 2 | |
| Troll Regeneration | 1 | |
| Shaman Training | 2 | |
| Berserker Upgrade | 1 | |
| Envenomed Spears | 1 | |
| War Drums Damage Increase | 1 | |
9 total
» buildings
| Orc Burrow | 7 | |
| Altar of Storms | 1 | |
| Barracks | 2 | |
| Great Hall | 1 | |
| War Mill | 1 | |
| Voodoo Lounge | 1 | |
| Watch Tower | 7 | |
| Stronghold | 1 | |
| Spirit Lodge | 1 | |
| Beastiary | 1 | |
| Fortress | 1 | |
24 total
» build order
00:05 Orc Burrow
00:11 Altar of Storms
00:15 Barracks
02:28 Orc Burrow
04:53 Great Hall
05:09 Orc Burrow
06:47 War Mill
07:28 Voodoo Lounge
08:10 Watch Tower
08:22 Stronghold
09:24 Watch Tower
09:50 Watch Tower
10:12 Watch Tower
10:38 Watch Tower
10:56 Spirit Lodge
11:01 Barracks
12:25 Beastiary
12:29 Fortress
12:46 Orc Burrow
12:49 Orc Burrow
13:09 Orc Burrow
13:35 Orc Burrow
14:02 Watch Tower
19:23 Watch Tower
» items
| Potion of Mana | 4 | |
| Scroll of Town Portal | 4 | |
| Potion of Healing | 1 | |
9 total
Chat log
(04:30 / Allies) TheRoadWars: mher
(04:54 / All) TheRoadWars: yellow 100% is mher
(05:10 / Allies) Tijjle: WHO
(06:53 / Allies) TheRoadWars: wood?
(08:51 / Allies) TheRoadWars: wind walk
(10:17 / Allies) TheRoadWars: 3 down south for some reason
(10:19 / Allies) TheRoadWars: teal went south
(10:37 / Allies) Tijjle: they coming for me
(11:07 / Allies) TheRoadWars: I'm taking out teal expo
(12:21 / Allies) TheRoadWars: run
(13:54 / Allies) Tijjle: gonna farm up resources
(14:52 / Allies) TheRoadWars: back blue
(15:00 / Allies) TheRoadWars: gonna hit and run teal expo
(15:39 / Allies) HenriIV: wood?
(17:52 / Allies) TheRoadWars: b
(18:21 / All) TheRoadWars: lawl
(22:43 / All) TheRoadWars: YOU LOST THE ROAD WAR